 Dungeon Sprint DCSS version 0.21.0-24-g2553a33 (webtiles) character file.

130 wojtek the Cleaver (level 4, 0/45 HPs)
             Began as a Minotaur Berserker on Jan 20, 2018.
             Was an Elder of Trog.
             Killed from afar by a deep elf mage (17 damage)
             ... with a bolt of lightning
             ... in the Dungeon (Sprint III: "The Ten Rune Challenge").
             The game lasted 00:00:49 (320 turns).

wojtek the Cleaver (Minotaur Berserker)              Turns: 320, Time: 00:00:50

Health: 0/45       AC:  2    Str: 22    XL:     4   Next: 90%
Magic:  3/3        EV: 14    Int:  4    God:    Trog [****..]
Gold:   38         SH:  0    Dex: 10    Spells: 3/3 levels left

rFire    . . .     SeeInvis .   a - +0 hand axe
rCold    . . .     Gourm    .   (no shield)
rNeg     . . .     Faith    .   b - +0 animal skin
rPois    .         Spirit   .   (helmet restricted)
rElec    .         Reflect  .   (no cloak)
rCorr    .         Harm     .   (no gloves)
MR       .....     NoTele   +   (no boots)
Stlth    +.........             (no amulet)
HPRegen  0.15/turn              (no ring)
MPRegen  0.08/turn              (no ring)

@: no status effects
A: retaliatory headbutt, horns 2
a: Berserk, Trog's Hand, Brothers in Arms, Burn Spellbooks, Renounce Religion


You were in the Dungeon.
You worshipped Trog.
Trog was greatly pleased with you.
You were not hungry.

You visited 1 branch You collected 38 gold pieces.

Inventory:

Hand Weapons
 a - a +0 hand axe (weapon)
Armour
 b - a +0 animal skin (worn)
Scrolls
 i - a scroll of blinking
 l - 2 scrolls of immolation {unknown}
 m - 2 scrolls of identify {unknown}
 n - 2 scrolls of remove curse {unknown}
Potions
 d - a potion of curing
 e - a potion of heal wounds
 f - a potion of haste
 g - 2 potions of magic
 h - a potion of berserk rage
 k - 5 potions of mutation {unknown}
 o - 3 potions of flight
Comestibles
 c - 4 rations


   Skills:
 + Level 6.3 Fighting
 * Level 8.2 Axes
 + Level 5.7 Armour
 + Level 5.2 Dodging


You had 3 spell levels left.
You didn't know any spells.

Dungeon Overview and Level Annotations

Branches:
Dungeon (1/1)

Altars:
Elyvilon
Kikubaaqudgha
Sif Muna
Vehumet
Zin
The Shining One


Innate Abilities, Weirdness & Mutations

You reflexively headbutt those who attack you in melee.
You have a pair of horns on your head.


Message History

The deep elf mage is severely wounded.
The deep elf mage hits you with a long sword of holy wrath.
You barely miss the deep elf mage.
The deep elf mage is severely wounded.
You miss the deep elf mage.
The deep elf mage is severely wounded.
The deep elf mage barely misses you.
You miss the deep elf mage. Your headbutt misses the deep elf mage.
The deep elf mage is severely wounded.
The deep elf mage hits you with a long sword of holy wrath.
You barely miss the deep elf mage. Your headbutt misses the deep elf mage.
The deep elf mage is severely wounded.
The deep elf mage hits you with a long sword of holy wrath!
You barely miss the deep elf mage. Your headbutt misses the deep elf mage.
The deep elf mage is severely wounded.
You slash the deep elf mage!
The deep elf mage is almost dead.
The deep elf mage points at you and mumbles some strange words.
The bolt of lightning hits you!
You die...

▓▓ ▓▓▓ .#### ##.#####
....#####..#___#
.....#..#..#...#
##...#..#..###'#+###+##
###..##'#..#....@e....#
.##..###...'.⌠........#
##..####...#...######+#
##..###....#.⌠.#
#...##.....#...#
....#......#'###
..##.#.....#.))# ..
####....#___# ▓▓
▓▓▓▓▓▓▓▓▓▓


You could see a deep elf mage.

Vanquished Creatures
  A water elemental (D)
  A wizard (D)
  A human (D)
  A kobold demonologist (D)
  A phantom (D)
  4 rats (D)
9 creatures vanquished.

Vanquished Creatures (others)
  2 draconian scorchers (D)
  6 hellions (D)
  A yaktaur (D)
9 creatures vanquished.

Grand Total: 18 creatures vanquished

Notes
Turn   | Place    | Note
-------+----------+-------------------------------------------
     0 | D        | wojtek the Minotaur Berserker began the quest for the Orb.
     0 | D        | Reached XP level 1. HP: 19/19 MP: 0/0
    12 | D        | Reached skill level 4 in Axes
    33 | D        | Reached ** piety under Trog
    71 | D        | Reached skill level 5 in Axes
    71 | D        | Reached XP level 2. HP: 28/28 MP: 1/1
   123 | D        | Killed a yaktaur
   141 | D        | Noticed a water elemental
   146 | D        | Killed a water elemental
   146 | D        | Reached *** piety under Trog
   146 | D        | Reached skill level 5 in Fighting
   146 | D        | Reached skill level 7 in Axes
   146 | D        | Reached skill level 5 in Armour
   146 | D        | Reached XP level 3. HP: 37/37 MP: 2/2
   146 | D        | Reached XP level 4. HP: 44/44 MP: 3/3
   152 | D        | Killed a hellion
   153 | D        | Killed a hellion
   179 | D        | Killed a white draconian scorcher
   188 | D        | Killed a hellion
   190 | D        | Killed a hellion
   196 | D        | Found a radiant altar of Vehumet.
   196 | D        | Found a deep blue altar of Sif Muna.
   196 | D        | Found an ancient bone altar of Kikubaaqudgha.
   196 | D        | Noticed a wizard
   199 | D        | Killed a wizard
   199 | D        | Reached skill level 5 in Dodging
   201 | D        | Reached skill level 8 in Axes
   210 | D        | Killed a hellion
   237 | D        | Killed a white draconian scorcher
   297 | D        | Found a glowing silver altar of Zin.
   297 | D        | Killed a hellion
   298 | D        | Found a glowing golden altar of the Shining One.
   298 | D        | Found a white marble altar of Elyvilon.
   298 | D        | Noticed a deep elf mage
   305 | D        | Reached **** piety under Trog
   320 | D        | Killed from afar by a deep elf mage

Skill      XL: |  1  2  3  4 |
---------------+-------------+-----
Axes           | 5 7 8 |  8.2
Fighting       | 4 5 6 |  6.3
Armour         | 3 5 |  5.7
Dodging        | 3 4 5 |  5.2

Action                   |  1- 3 |  4- 6 || total
-------------------------+-------+-------++-------
Melee: Hand axe          |    19 |    14 ||    33
       Headbutt          |     2 |     3 ||     5
Invok: Berserk           |     2 |     1 ||     3
       Burn Spellbooks   |       |     1 ||     1
  Eat: Chunk             |       |     1 ||     1
Armor: Animal skin       |     4 |       ||     4
Dodge: Dodged            |     7 |     3 ||    10
